 Dungeon Crawl Stone Soup version 0.28.0-53-g5a82cb258f (webtiles) character file.

Game seed: 7139110493206007675

41 Sin92 the Skirmisher (level 3, -5/19 (29) HPs)
             Began as a Demonspawn Fighter on July 12, 2022.
             Was a Believer of Wu Jian.
             Slain by Terence
             ... wielding the +7 Throatcutter {drain, coup de grace}
              (7 damage)
             ... on level 2 of the Dungeon.
             The game lasted 00:02:30 (780 turns).

Sin92 the Skirmisher (Demonspawn Fighter)            Turns: 780, Time: 00:02:31

HP:   -5/19 (29)    AC: 10    Str: 16    XL:     3   Next: 32%
MP:   3/3           EV:  9    Int: 15    God:    Wu Jian [**....]
Gold: 20            SH:  5    Dex: 14    Spells: 3/3 levels left

rFire   . . .      SeeInvis .   a - +0 rapier
rCold   . . .      Faith    .   c - +0 buckler
rNeg    . . .      Spirit   .   b - +0 scale mail
rPois   .          Reflect  .   (no helmet)
rElec   .          Harm     .   (no cloak)
rCorr   .          Rampage  .   (no gloves)
Will    .....                   (no boots)
Stlth   ..........              (no amulet)
HPRegen 0.06/turn               h - +6 ring of intelligence
MPRegen 0.08/turn               m - +4 ring of protection

@: very heavily drained
A: hooves 1, demonic touch 1
a: Renounce Religion, Wall Jump


You were on level 2 of the Dungeon.
You worshipped Wu Jian.
Wu Jian was pleased with you.
You visited 1 branch of the dungeon, and saw 2 of its levels.

You collected 20 gold pieces.

Inventory:

Hand Weapons
 a - a +0 rapier (weapon)
Armour
 b - a +0 scale mail (worn)
 c - a +0 buckler (worn)
 l - a +0 pair of gloves
Magical Staves
 i - a staff of conjuration
Jewellery
 f - a ring of fire
 h - a +6 ring of intelligence (left hand)
 m - a +4 ring of protection (right hand)
Scrolls
 g - a scroll of torment
 j - a scroll of identify
Potions
 d - a potion of might


   Skills:
 + Level 3.2 Fighting
 * Level 2.3 Short Blades
 + Level 2.9 Armour
 + Level 0.5 Dodging
 + Level 0.5 Stealth
 + Level 2.9 Shields
 + Level 0.6 Spellcasting


You had 3 spell levels left.
You didn't know any spells.
Your spell library contained the following spells:

 Spells                   Type           Power      Damage    Failure   Level
 Summon Small Mammal      Summ           0%         N/A       77%         1
 Call Canine Familiar     Summ           0%         N/A       98%         3
 Summon Guardian Golem    Hex/Summ       0%         N/A       98%         3
 Borgnjor's Revivificati  Necr           0%         N/A       100%        8
 Necromutation            Tmut/Necr      0%         N/A       100%        8
 Death's Door             Necr           0%         N/A       100%        9


Dungeon Overview and Level Annotations

Branches:
Dungeon (2/15)

Altars:
Wu Jian

Annotations:
D:2 Terence


Innate Abilities, Weirdness & Mutations

You have large cloven feet.
Your touch may inflict minor irresistible damage on your foes.


Message History

* * * LOW HITPOINT WARNING * * *
You feel better.
Terence hits you with the +7 Throatcutter {drain, coup de grace}!
You feel drained.
You barely miss Terence. Your kick misses Terence.
Terence is moderately wounded.
You block Terence's attack.
You hit Terence but do no damage. Your kick misses Terence.
Terence is moderately wounded.
Terence hits you with the +7 Throatcutter {drain, coup de grace}.
* * * LOW HITPOINT WARNING * * *
You feel drained.
* * * LOW HITPOINT WARNING * * *
You hit Terence.
Terence is heavily wounded.
Terence drinks a potion.
Terence is healed!
You hit Terence. Your kick misses Terence.
Terence is lightly wounded.
Terence barely misses you.
Unknown command.
Okay, then.
Blink to where?
Press: ? - help, Dir - move target
As you read the scroll labelled EVEPRE ITEROO, it crumbles to dust.
It was a scroll of blinking.
Terence shouts, "Get ready for death!"
Terence shouts, "Get ready for death!"
You open the door. You closely miss Terence.
Terence is lightly wounded.
You block Terence's attack.
You hit Terence. Your kick misses Terence.
Terence is moderately wounded.
Terence hits you with the +7 Throatcutter {drain, coup de grace}.
* * * LOW HITPOINT WARNING * * *
You feel drained.
You hit Terence.
Terence is heavily wounded.
Terence hits you with the +7 Throatcutter {drain, coup de grace}!
You die...

#..............# ......
####........##.####......
######.#.##...........
#...#.#.PPP#.P.#.
♣..##P.P..PP.P..P
♣.(♣.......P..P.P♣.
♣.P.♣♣.............♣
.PP.♣..♣....###...P..
PP.♣.♣♣....@@'.#......
♣..♣. ♣♣.....### ...P. ♣♣
. ♣........ P)..
♣P.........P♣ ....
P..P8.8..P♣P.. .
♣♣........♣P..♣♣
♣♣♣P......♣.♣♣ .♣♣...P♣
♣♣


You could see Terence.

Vanquished Creatures
  A gnoll (D:2)
  An adder (D:2)
  4 ball pythons
  3 endoplasms (D:1)
  A giant cockroach (D:1)
  A goblin (D:1)
  A hobgoblin (D:1)
  A quokka (D:1)
  5 bats (D:1)
  2 frilled lizards (D:1)
  3 kobolds (D:1)
23 creatures vanquished.

Vanquished Creatures (others)
  9 plants (D:2)
9 creatures vanquished.

Grand Total: 32 creatures vanquished

Notes
Turn   | Place    | Note
-------+----------+-------------------------------------------
     0 | D:1      | Sin92 the Demonspawn Fighter began the quest for the Orb.
     0 | D:1      | Reached XP level 1. HP: 18/18 MP: 1/1
    60 | D:1      | Found a faded altar of an unknown god.
    91 | D:1      | Prayed at the altar of an unknown god.
    91 | D:1      | Became a worshipper of the Wu Jian Council
    91 | D:1      | Reached * piety under Wu Jian
   229 | D:1      | Discovered your monstrous ancestry.
   229 | D:1      | Gained mutation: Your touch may inflict minor irresistible
                  | damage on your foes. [demonic ancestry]
   229 | D:1      | Reached XP level 2. HP: 22/24 MP: 2/2
   721 | D:2      | Noticed Terence
   750 | D:2      | Gained mutation: You have large cloven feet. [demonic
                  | ancestry]
   750 | D:2      | Reached XP level 3. HP: 18/29 MP: 3/3
   754 | D:2      | Reached ** piety under Wu Jian
   780 | D:2      | Slain by Terence

Illustrated notes

Levels and vault maps discovered:
D:1:      amcnicky_arrival_single_pillar, layout_rooms, basic_ecumenical_altar
D:2:      wad_woods_settlement, layout_basic,
          amcnicky_mini_rare_corridor_liquid, interstate_on_off, uniq_terence,
          uniq_sigmund, uniq_robin

Skill      XL: |  1 |
---------------+----+-----
Short Blades   | 2 |  2.3
Fighting       | |  3.2
Armour         | |  2.9
Dodging        | |  0.5
Stealth        | |  0.5
Shields        | |  2.9
Spellcasting   | |  0.6

Action                   || total
-------------------------++-------
Melee: Rapier            ||    81
       Kick              ||     2
Invok: Lunge             ||     4
       Whirlwind         ||     6
  Use: Scroll            ||     4
       Potion            ||     1
Armor: Scale mail        ||    44
Dodge: Dodged            ||    48
Block: Buckler           ||    28
